TOP OF THE 1ST |
Port Royal Disaster batting - Pitching for Santa Barbara Golden Cranes : RHP Chance Wiley
|
Pitching: RHP Chance Wiley
|
|
Batting: RHB Brandon Cooper
|
0-0: Ball 1-0: Swinging Strike 1-1: Ball 2-1: Foul Ball, location: 2F 2-2: Strikes out swinging
|
Batting: LHB José Martínez
|
0-0: Fly out, F8 (Flyball, 8LM)
|
Batting: LHB Guillermo Romero
|
0-0: Ball 1-0: Foul Ball, location: 2F 1-1: Ball 2-1: Foul Ball, location: 2F 2-2: Foul Ball, location: 2F 2-2: Foul Ball, location: 2F 2-2: Foul Ball, location: 2F 2-2: Ball 3-2: Foul Ball, location: 2F 3-2: Ground out 1-3 (Groundball, 13S)
|
Top of the 1st over - 0 run(s), 0 hit(s), 0 error(s), 0 left on base; Port Royal 0 - Santa Barbara 0 |
BOTTOM OF THE 1ST |
Santa Barbara Golden Cranes batting - Pitching for Port Royal Disaster : RHP Ben Fallon
|
Pitching: RHP Ben Fallon
|
|
Batting: RHB Ángel López
|
0-0: Reached on error, E6 (Groundball, 6M)
|
Batting: RHB Kyle Dempsey
|
0-0: Ball 1-0: Called Strike 1-1: Called Strike 1-2: Foul Ball, location: 2F 1-2: Strikes out swinging
|
Batting: LHB Sinclair van Kooten
|
0-0: Ball 1-0: Swinging Strike 1-1: Ball 2-1: Ball Ángel López steals 2nd base 3-1: Base on Balls
|
Batting: LHB Chris McKinney
|
0-0: Ball 1-0: Ball Ángel López steals 3rd base Sinclair van Kooten to second 2-0: Foul Ball, location: 2F 2-1: Fly out, F8 (Flyball, 78D) Runner from 3rd tags up, SCORES, no throw
|
Batting: LHB Takahiro Harada
|
0-0: Ball 1-0: Swinging Strike 1-1: Swinging Strike Passed Ball! Sinclair van Kooten to third 1-2: Foul Ball, location: 2F 1-2: SINGLE (Line Drive, 3D) Sinclair van Kooten scores
|
Batting: SHB Shojiro Kimura
|
0-0: Ball 1-0: Called Strike 1-1: Foul Ball, location: 2F 1-2: Ball 2-2: Fly out, F8 (Flyball, 8RXD)
|
Bottom of the 1st over - 2 run(s), 1 hit(s), 1 error(s), 1 left on base; Port Royal 0 - Santa Barbara 2 |
TOP OF THE 2ND |
Port Royal Disaster batting - Pitching for Santa Barbara Golden Cranes : RHP Chance Wiley
|
Batting: RHB Iván Vega
|
0-0: DOUBLE (Line Drive, 7LS)
|
Batting: LHB Javier Sánchez
|
0-0: Ball 1-0: Foul Ball, location: 2F 1-1: Fly out, F8 (Flyball, 8RM)
|
Batting: LHB Jason Potter
|
0-0: Ball 1-0: Ball 2-0: Swinging Strike 2-1: Ball 3-1: Ground out 2-3 (Groundball, 13S) Iván Vega to third
|
Batting: RHB Clement Fields
|
0-0: Swinging Strike 0-1: Ball 1-1: Foul Ball, location: 2F 1-2: Strikes out swinging
|
Top of the 2nd over - 0 run(s), 1 hit(s), 0 error(s), 1 left on base; Port Royal 0 - Santa Barbara 2 |
BOTTOM OF THE 2ND |
Santa Barbara Golden Cranes batting - Pitching for Port Royal Disaster : RHP Ben Fallon
|
Batting: SHB Stephen Baldwin
|
0-0: Called Strike 0-1: Ball 1-1: Foul Ball, location: 2F 1-2: Ball 2-2: Ball 3-2: Ground out 5-3 (Groundball, 5)
|
Batting: RHB John Aston
|
0-0: Ball 1-0: Ball 2-0: Called Strike 2-1: Ball 3-1: SINGLE (Line Drive, 7LS)
|
Batting: LHB Alfonso López
|
0-0: Called Strike 0-1: Fly out, F7 (Flyball, 7LM)
|
Batting: RHB Ángel López
|
0-0: Ball 1-0: Foul Ball, location: 2F 1-1: Ground out 1-3 (Groundball, 25)
|
Bottom of the 2nd over - 0 run(s), 1 hit(s), 0 error(s), 1 left on base; Port Royal 0 - Santa Barbara 2 |
TOP OF THE 3RD |
Port Royal Disaster batting - Pitching for Santa Barbara Golden Cranes : RHP Chance Wiley
|
Batting: RHB Javier Martínez
|
0-0: SINGLE (Line Drive, 3)
|
Batting: RHB Sergio Martínez
|
0-0: Ball 1-0: Ball 2-0: Grounds into double play, U6-3 (Groundball, 6)
|
Batting: RHB Brandon Cooper
|
0-0: Ball 1-0: Foul Ball, location: 2F 1-1: Swinging Strike 1-2: Foul Ball, location: 2F 1-2: Ball 2-2: Strikes out swinging
|
Top of the 3rd over - 0 run(s), 1 hit(s), 0 error(s), 0 left on base; Port Royal 0 - Santa Barbara 2 |
BOTTOM OF THE 3RD |
Santa Barbara Golden Cranes batting - Pitching for Port Royal Disaster : RHP Ben Fallon
|
Batting: RHB Kyle Dempsey
|
0-0: Called Strike 0-1: Called Strike 0-2: Ball 1-2: SINGLE (Flyball, 8RS)
|
Batting: LHB Sinclair van Kooten
|
0-0: Foul Ball, location: 2F 0-1: SINGLE (Groundball, 34) Kyle Dempsey to second Runner from 2nd tries for 3rd, SAFE, throw made to third
|
Batting: LHB Chris McKinney
|
0-0: Called Strike 0-1: Called Strike 0-2: Ball 1-2: Ball 2-2: Foul Ball, location: 2F 2-2: Foul Ball, location: 2F 2-2: Fly out, F9 (Line Drive, 9M) Runner from 3rd tags up, SCORES, throw made
|
Batting: LHB Takahiro Harada
|
0-0: Ball 1-0: Ball 2-0: Called Strike 2-1: Ball 3-1: Fly out, F7 (Flyball, 78D)
|
Batting: SHB Shojiro Kimura
|
0-0: Called Strike 0-1: Ball 1-1: Ball 2-1: Called Strike 2-2: Ball 3-2: DOUBLE (Line Drive, 89S) Sinclair van Kooten to third Sinclair van Kooten scores
|
Batting: SHB Stephen Baldwin
|
0-0: Ball 1-0: Foul Ball, location: 2F 1-1: Fly out, F8 (Flyball, 8LS)
|
Bottom of the 3rd over - 2 run(s), 3 hit(s), 0 error(s), 1 left on base; Port Royal 0 - Santa Barbara 4 |
TOP OF THE 4TH |
Port Royal Disaster batting - Pitching for Santa Barbara Golden Cranes : RHP Chance Wiley
|
Batting: LHB José Martínez
|
0-0: Called Strike 0-1: Fly out, F7 (Flyball, 78M)
|
Batting: LHB Guillermo Romero
|
0-0: Ball 1-0: Ball 2-0: Ball 3-0: Called Strike 3-1: Foul Ball, location: 2F 3-2: Foul Ball, location: 2F 3-2: Ground out 4-3 (Groundball, 4)
|
Batting: RHB Iván Vega
|
0-0: Ball 1-0: Ball 2-0: Ball 3-0: Called Strike 3-1: Called Strike 3-2: Foul Ball, location: 2F 3-2: DOUBLE (Line Drive, 78XD)
|
Batting: LHB Javier Sánchez
|
0-0: Foul Ball, location: 2F 0-1: Ball 1-1: Ball 2-1: Ground out U3 (Groundball, 3)
|
Top of the 4th over - 0 run(s), 1 hit(s), 0 error(s), 1 left on base; Port Royal 0 - Santa Barbara 4 |
BOTTOM OF THE 4TH |
Santa Barbara Golden Cranes batting - Pitching for Port Royal Disaster : RHP Ben Fallon
|
Batting: RHB John Aston
|
0-0: Ball 1-0: Ball 2-0: SINGLE (Line Drive, 7LS)
|
Batting: LHB Alfonso López
|
0-0: Called Strike 0-1: Ball 1-1: Swinging Strike 1-2: Hit by Pitch John Aston to second
|
Batting: RHB Ángel López
|
0-0: Called Strike 0-1: Ball 1-1: Fly out, F8 (Flyball, 8LM)
|
Batting: RHB Kyle Dempsey
|
0-0: Foul Ball, location: 2F 0-1: Foul Ball, location: 2F 0-2: Ball 1-2: Foul Ball, location: 2F 1-2: Strikes out swinging
|
Batting: LHB Sinclair van Kooten
|
0-0: Foul Ball, location: 2F 0-1: Ball 1-1: Ball 2-1: Foul Ball, location: 2F 2-2: Ball 3-2: Base on Balls John Aston to third Alfonso López to second
|
Batting: LHB Chris McKinney
|
0-0: Foul Ball, location: 2F 0-1: Fly out, F7 (Flyball, 7LD)
|
Bottom of the 4th over - 0 run(s), 1 hit(s), 0 error(s), 3 left on base; Port Royal 0 - Santa Barbara 4 |
TOP OF THE 5TH |
Port Royal Disaster batting - Pitching for Santa Barbara Golden Cranes : RHP Chance Wiley
|
Batting: LHB Jason Potter
|
0-0: Fly out, F5 (Popup, 5)
|
Batting: RHB Clement Fields
|
0-0: Ball 1-0: Called Strike 1-1: Swinging Strike 1-2: Ball 2-2: Fly out, F7 (Flyball, 8LS)
|
Batting: RHB Javier Martínez
|
0-0: SINGLE (Flyball, 8LS)
|
Batting: RHB Sergio Martínez
|
0-0: Called Strike 0-1: Swinging Strike 0-2: Fly out, F8 (Flyball, 8RM)
|
Top of the 5th over - 0 run(s), 1 hit(s), 0 error(s), 1 left on base; Port Royal 0 - Santa Barbara 4 |
BOTTOM OF THE 5TH |
Santa Barbara Golden Cranes batting - Pitching for Port Royal Disaster : RHP Ben Fallon
|
Batting: LHB Takahiro Harada
|
0-0: Ball 1-0: Ball 2-0: Ball 3-0: Base on Balls
|
Batting: SHB Shojiro Kimura
|
0-0: Ball 1-0: Bunted foul 1-1: Sac Bunt - play at first, batter OUT! 1-4 Takahiro Harada to second
|
Batting: SHB Stephen Baldwin
|
0-0: Ball 1-0: SINGLE (Groundball, 5D) Takahiro Harada to third Runner from 3rd tries for Home, SAFE, throw made home Stephen Baldwin to second
|
Batting: RHB John Aston
|
0-0: Called Strike 0-1: SINGLE (Groundball, 56D) Stephen Baldwin to third Runner from 3rd tries for Home, SAFE, throw made home
|
Batting: LHB Alfonso López
|
0-0: Fly out, F9 (Flyball, 9M)
|
Batting: RHB Ángel López
|
0-0: Ball 1-0: Swinging Strike 1-1: Ball 2-1: Called Strike 2-2: Foul Ball, location: 2F 2-2: Ball 3-2: Foul Ball, location: 2F 3-2: Fly out, F4 (Line Drive, 4M)
|
Bottom of the 5th over - 2 run(s), 2 hit(s), 0 error(s), 1 left on base; Port Royal 0 - Santa Barbara 6 |
TOP OF THE 6TH |
Port Royal Disaster batting - Pitching for Santa Barbara Golden Cranes : RHP Chance Wiley
|
Now at 2B: Marvin von Seydlitz
|
|
Batting: RHB Brandon Cooper
|
0-0: Ball 1-0: Swinging Strike 1-1: Foul Ball, location: 2F 1-2: Ball 2-2: Strikes out swinging
|
Batting: LHB José Martínez
|
0-0: Swinging Strike 0-1: Ball 1-1: Foul Ball, location: 2F 1-2: Ball 2-2: Strikes out looking
|
Batting: LHB Guillermo Romero
|
0-0: Foul Ball, location: 2F 0-1: Swinging Strike 0-2: Foul Ball, location: 2F 0-2: Foul Ball, location: 2F 0-2: Ball 1-2: Reaches on Catchers interference
|
Batting: RHB Iván Vega
|
0-0: Ball 1-0: DOUBLE (Groundball, 5L) Guillermo Romero to third
|
Batting: LHB Javier Sánchez
|
0-0: Called Strike 0-1: Swinging Strike 0-2: Strikes out swinging
|
Top of the 6th over - 0 run(s), 1 hit(s), 1 error(s), 2 left on base; Port Royal 0 - Santa Barbara 6 |
BOTTOM OF THE 6TH |
Santa Barbara Golden Cranes batting - Pitching for Port Royal Disaster : RHP Ben Fallon
|
Pitching: RHP Mac Merritt
|
|
Batting: RHB Kyle Dempsey
|
0-0: Swinging Strike 0-1: Foul Ball, location: 2F 0-2: Strikes out swinging
|
Batting: LHB Sinclair van Kooten
|
0-0: Ball 1-0: Ball 2-0: Swinging Strike 2-1: Foul Ball, location: 2F 2-2: Ground out 5-3 (Groundball, 56)
|
Batting: LHB Chris McKinney
|
0-0: SINGLE (Groundball, 34D)
|
Batting: LHB Takahiro Harada
|
0-0: Called Strike 0-1: Ball 1-1: Foul Ball, location: 2F 1-2: SINGLE (Line Drive, 6D) Chris McKinney to second
|
Batting: SHB Shojiro Kimura
|
0-0: Ball 1-0: Foul Ball, location: 2F 1-1: Ball 2-1: Foul Ball, location: 2F 2-2: Fly out, F7 (Flyball, 7M)
|
Bottom of the 6th over - 0 run(s), 2 hit(s), 0 error(s), 2 left on base; Port Royal 0 - Santa Barbara 6 |
TOP OF THE 7TH |
Port Royal Disaster batting - Pitching for Santa Barbara Golden Cranes : RHP Chance Wiley
|
Batting: LHB Jason Potter
|
0-0: Called Strike 0-1: Ball 1-1: Ball 2-1: Ground out 4-3 (Groundball, 13)
|
Batting: RHB Clement Fields
|
0-0: Ball 1-0: Swinging Strike 1-1: Swinging Strike 1-2: Foul Ball, location: 2F 1-2: Foul Ball, location: 2F 1-2: Strikes out swinging
|
Batting: RHB Javier Martínez
|
0-0: Foul Ball, location: 2F 0-1: Ball 1-1: Ball 2-1: Called Strike 2-2: Foul Ball, location: 2F 2-2: Strikes out swinging
|
Top of the 7th over - 0 run(s), 0 hit(s), 0 error(s), 0 left on base; Port Royal 0 - Santa Barbara 6 |
BOTTOM OF THE 7TH |
Santa Barbara Golden Cranes batting - Pitching for Port Royal Disaster : RHP Mac Merritt
|
Batting: LHB Marvin von Seydlitz
|
0-0: Ball 1-0: Fly out, F9 (Line Drive, 89S)
|
Batting: RHB John Aston
|
0-0: Ball 1-0: Ball 2-0: Called Strike 2-1: Ball 3-1: Base on Balls
|
Batting: LHB Alfonso López
|
0-0: Ball 1-0: Ball 2-0: Ball 3-0: Grounds out, U3 (Groundball, 3L)
|
Batting: RHB Ángel López
|
0-0: Called Strike 0-1: Ball 1-1: SINGLE (Groundball, 6M) John Aston to third Runner from 3rd tries for Home, SAFE, throw made home Ángel López to second
|
Batting: RHB Kyle Dempsey
|
0-0: Called Strike 0-1: SINGLE (Line Drive, 8LS) Ángel López to third Runner from 3rd tries for Home, SAFE, no throw or cutoff
|
Batting: LHB Sinclair van Kooten
|
0-0: Called Strike 0-1: Foul Ball, location: 2F 0-2: Ball 1-2: Ball 2-2: 2-RUN HOME RUN (Flyball, 89XD), Distance : 379 ft
|
Batting: LHB Chris McKinney
|
0-0: Called Strike 0-1: SINGLE (Flyball, 8LS)
|
Pitching: RHP Clyde Bowman
|
|
Batting: LHB Takahiro Harada
|
0-0: Called Strike 0-1: Foul Ball, location: 2F 0-2: Ball 1-2: Fly out, F5 (Popup, 5SF)
|
Bottom of the 7th over - 4 run(s), 4 hit(s), 0 error(s), 1 left on base; Port Royal 0 - Santa Barbara 10 |
TOP OF THE 8TH |
Port Royal Disaster batting - Pitching for Santa Barbara Golden Cranes : RHP Chance Wiley
|
Now in LF: José Mata
|
|
Batting: RHB Sergio Martínez
|
0-0: SINGLE (Line Drive, 56)
|
Batting: RHB Brandon Cooper
|
0-0: Foul Ball, location: 2F 0-1: Called Strike 0-2: Fly out, F8 (Flyball, 8LM)
|
Pitching: RHP Ron Yarbrough
|
|
Batting: LHB José Martínez
|
0-0: Ball 1-0: Called Strike 1-1: Foul Ball, location: 2F 1-2: Fly out, F7 (Flyball, 7LM)
|
Batting: LHB Guillermo Romero
|
0-0: Ball 1-0: Foul Ball, location: 2F 1-1: Foul Ball, location: 2F 1-2: Ball 2-2: Ball 3-2: Base on Balls Sergio Martínez to second
|
Batting: RHB Iván Vega
|
0-0: SINGLE (Line Drive, 56) Sergio Martínez to third Guillermo Romero to second Runner from 3rd tries for Home, SAFE, no throw or cutoff
|
Batting: LHB Javier Sánchez
|
0-0: Foul Ball, location: 2F 0-1: Ground out 4-3 (Groundball, 4)
|
Top of the 8th over - 1 run(s), 2 hit(s), 0 error(s), 2 left on base; Port Royal 1 - Santa Barbara 10 |
BOTTOM OF THE 8TH |
Santa Barbara Golden Cranes batting - Pitching for Port Royal Disaster : RHP Clyde Bowman
|
Batting: SHB Shojiro Kimura
|
0-0: Ball 1-0: Called Strike 1-1: Ball 2-1: Called Strike 2-2: Ball 3-2: Base on Balls
|
Batting: LHB Marvin von Seydlitz
|
0-0: Bunted foul 0-1: Sac Bunt - play at first, batter OUT! 5-4 Shojiro Kimura to second
|
Batting: RHB John Aston
|
0-0: Ball 1-0: Foul Ball, location: 2F 1-1: Ground out 4-3 (Groundball, 34) Shojiro Kimura to third
|
Batting: LHB Alfonso López
|
0-0: Ball 1-0: Ball 2-0: Called Strike 2-1: Ball 3-1: Base on Balls
|
Batting: RHB Ángel López
|
0-0: Called Strike 0-1: Foul Ball, location: 2F 0-2: Ball 1-2: Foul Ball, location: 2F 1-2: Foul Ball, location: 2F 1-2: Strikes out swinging
|
Bottom of the 8th over - 0 run(s), 0 hit(s), 0 error(s), 2 left on base; Port Royal 1 - Santa Barbara 10 |
TOP OF THE 9TH |
Port Royal Disaster batting - Pitching for Santa Barbara Golden Cranes : RHP Ron Yarbrough
|
Batting: LHB Jason Potter
|
0-0: Ball 1-0: Fly out, F8 (Flyball, 8RD)
|
Batting: RHB Clement Fields
|
0-0: Ball 1-0: Called Strike 1-1: SINGLE (Line Drive, 89S)
|
Batting: RHB Javier Martínez
|
0-0: Ball 1-0: Ball Single, Error in OF, E8, batter to second base Clement Fields to third
|
Batting: RHB Sergio Martínez
|
0-0: Ball 1-0: Ground out 1-3 (Groundball, 13S)
|
Batting: RHB Brandon Cooper
|
0-0: Foul Ball, location: 2F 0-1: Ball 1-1: Foul Ball, location: 2F 1-2: Ball 2-2: Fly out, F9 (Line Drive, 89M)
|
Top of the 9th over - 0 run(s), 2 hit(s), 1 error(s), 2 left on base; Port Royal 1 - Santa Barbara 10 |
|